 Dungeon Crawl Stone Soup version 0.22.1-2-g9c5b331 (webtiles) character file.

96 MalarOregon the Ducker (level 4, -2/32 HPs)
             Began as a Merfolk Wizard on Nov 24, 2018.
             Slain by Grinder (5 damage)
             ... while paralysed by Grinder
             ... on level 3 of the Dungeon.
             The game lasted 00:08:15 (3358 turns).

MalarOregon the Ducker (Merfolk Wizard)             Turns: 3358, Time: 00:08:16

Health: -2/32      AC:  2    Str:  7    XL:     4   Next: 67%
Magic:  7/9        EV:  2    Int: 18    God:
Gold:   96         SH:  0    Dex: 15    Spells: 6/9 levels left

rFire    . . .     SeeInvis .   g - +0 dagger
rCold    . . .     Gourm    .   (no shield)
rNeg     . . .     Faith    .   a - +0 robe
rPois    .         Spirit   .   b - +0 hat
rElec    .         Reflect  .   (no cloak)
rCorr    .         Harm     .   (no gloves)
MR       .....                  (no boots)
Stlth    ++........             (no amulet)
HPRegen  0.10/turn              c - +3 ring of dexterity
MPRegen  0.11/turn              (no ring)

@: paralysed
A: change form in water, swift swim, stealthy swim
a: no special abilities


You were on level 3 of the Dungeon.
You were not hungry.

You visited 1 branch of the dungeon, and saw 3 of its levels.

You collected 96 gold pieces.

Inventory:

Hand Weapons
 f - a -3 spear
   (You found it on level 1 of the Dungeon)
 g - a +0 dagger (weapon)
   (You took it off a goblin on level 1 of the Dungeon)
Armour
 a - a +0 robe (worn)
 b - a +0 hat (worn)
Jewellery
 c - a +3 ring of dexterity (left hand)
   (You found it on level 1 of the Dungeon)
Wands
 j - a wand of scattershot (3)
   (You found it on level 2 of the Dungeon)
Scrolls
 h - 2 scrolls of remove curse {@r2}
 i - 4 scrolls of identify {@r1}
 m - a scroll of amnesia {unknown}
 n - a scroll of enchant armour {unknown}
Potions
 d - a potion of curing {@q1}
 l - a potion of heal wounds {unknown}
Comestibles
 e - 4 rations {!d}


   Skills:
 + Level 1.4 Fighting
 * Level 3.0 Polearms
 + Level 3.5 Dodging
 - Level 3.0 Stealth
 + Level 3.4 Spellcasting
 - Level 1.0 Conjurations
 + Level 1.0 Summonings
   Level 0.7 Translocations


You had 6 spell levels left.
You knew the following spells:

 Your Spells              Type           Power        Failure   Level  Hunger
a - Magic Dart            Conj           #...         11%         1    None
x - Call Imp              Summ           #.......     16%         2    ##.....

Your spell library contained the following spells:

 Spells                   Type           Power        Failure   Level  Hunger
 Blink                    Tloc           N/A          19%         2    ##.....
 Slow                     Hex            #.......     24%         2    ##.....
 Conjure Flame            Conj/Fire      #.......     36%         3    ###....
 Mephitic Cloud           Conj/Pois/Air  #.......     38%         3    ###....


Dungeon Overview and Level Annotations

Branches:
Dungeon (3/15)

Altars:

Annotations:
D:3 1 runed door, Grinder


Message History

You closely miss Grinder. Grinder hits you.
* * * LOW HITPOINT WARNING * * *
You writhe in agony.
* * * LOW HITPOINT WARNING * * *
Your white imp completely misses Grinder.
Grinder barely misses your shadow imp.
Your white imp closely misses Grinder.
Your shadow imp barely misses Grinder.
Grinder hits your shadow imp.
Your white imp closely misses Grinder.
Your shadow imp hits Grinder.
Grinder hits your shadow imp!
Your shadow imp dies!
Grinder says, "Just stop there for a second..."
Grinder blinks!
Your white imp barely misses Grinder.
The quokka bites your white imp. Grinder gestures at you.
You resist with significant effort.
The quokka barely misses your white imp.
Grinder says, "Tell me all your secrets, or I'll kill you."
Your crimson imp blinks!
Something bites your white imp but does no damage.
There is a stone staircase leading up here.
You climb upwards.
There is a stone staircase leading down here.
You start resting.
Eating one of 9 chunks of flesh.
You eat one of the 9 chunks of flesh.
You start resting.
Some of the chunks of flesh in your inventory have rotted away.
All of the chunks of flesh in your inventory have rotted away.
You climb downwards.
Level annotation: 1 runed door, Grinder Grinder gestures at you.
You barely resist.
There is a stone staircase leading up here.
A beastly little devil appears in a puff of flame.
The quokka bites you but does no damage.
Aim: Grinder The burst of metal fragments hits Grinder.
Grinder gestures at you.
You suddenly lose the ability to move!
The quokka bites you.
Grinder says, "Wait up."
Grinder hits you!
You writhe in agony.
* * * LOW HITPOINT WARNING * * *
The quokka twitches its whiskers.
The quokka bites you.
* * * LOW HITPOINT WARNING * * *
Your crimson imp hits the quokka.
Grinder hits you!
* * * LOW HITPOINT WARNING * * *
You writhe in agony.
You die...

.. #.##...##..####.#.#
#.# #?...####.## #...#
#... ##...####.## ##..#
....# #r........# ####
#.)..##.........# ...
##..............# .##
....#...........# #
##....5r[.......####.#
##(...@5............#
#..##..(.........######
...#
##).......(#....... ###
#.........###.....
#...#######.........
......# ####......
..##### #.#.... .
...#.... ..###....


You could see Grinder, a quokka, a rat and a friendly crimson imp.

Vanquished Creatures
  2 adders (D:2)
  A worm (D:2)
  3 dart slugs (D:1)
  An orc (D:3)
  6 bats
  8 goblins
  2 hobgoblins (D:1)
  A jackal (D:1)
  6 kobolds
  A ball python (D:1)
  3 frilled lizards
  A rat (D:1)
35 creatures vanquished.

Vanquished Creatures (collateral kills)
  3 adders (D:2)
  A worm (D:2)
  A leopard gecko (D:2)
  2 orcs (D:3)
  3 bats
  3 giant cockroaches
  A goblin (D:1)
  A hobgoblin (D:3)
  3 jackals (D:1)
  A quokka (D:3)
  A ball python (D:2)
  A frilled lizard (D:1)
  2 kobolds
  A rat (D:1)
24 creatures vanquished.

Grand Total: 59 creatures vanquished

Notes
Turn   | Place    | Note
-------+----------+-------------------------------------------
     0 | D:1      | MalarOregon the Merfolk Wizard began the quest for the Orb.
     0 | D:1      | Reached XP level 1. HP: 13/13 MP: 4/4
   228 | D:1      | Reached skill level 1 in Conjurations
   228 | D:1      | Reached XP level 2. HP: 20/20 MP: 3/6
   259 | D:1      | Learned a level 2 spell: Call Imp
   868 | D:1      | Reached skill level 1 in Polearms
  1076 | D:1      | Reached XP level 3. HP: 12/25 MP: 1/7
  1768 | D:2      | Reached skill level 1 in Fighting
  2155 | D:2      | Reached XP level 4. HP: 30/32 MP: 4/8
  3076 | D:3      | Found a large runed door.
  3119 | D:3      | Noticed Grinder
  3356 | D:3      | Paralysed by Grinder for 6 turns
  3358 | D:3      | Slain by Grinder

Skill      XL: |  1  2  3  4 |
---------------+-------------+-----
Conjurations   | 1 |  1.0
Dodging        | 3 |  3.5
Polearms       | 1 2 3 |  3.0
Fighting       | 1 |  1.4
Stealth        | 3 |  3.0
Spellcasting   | |  3.4
Summonings     | |  1.0
Translocations | |  0.7

Action                   |  1- 3 |  4- 6 || total
-------------------------+-------+-------++-------
Melee: Dagger            |    31 |    62 ||    93
       Spear             |    80 |       ||    80
 Cast: Magic Dart        |    46 |     4 ||    50
       Call Imp          |    12 |    16 ||    28
Evoke: Wand              |       |     1 ||     1
  Use: Scroll            |     2 |       ||     2
       Potion            |     1 |       ||     1
 Stab: Sleeping          |     2 |     1 ||     3
  Eat: Chunk             |     4 |     5 ||     9
Armor: Robe              |    15 |    16 ||    31
Dodge: Dodged            |    81 |    67 ||   148
